 Dungeon Crawl Stone Soup version 0.27.1-33-g824d729ab1 (webtiles) character file.

Game seed: 3998460277086153885

667 Altran the Magician (level 7, -3/36 HPs)
             Began as a Deep Elf Air Elementalist on Dec 11, 2021.
             Was a Priest of Elyvilon.
             Asphyxiated
             ... on level 5 of the Dungeon.
             The game lasted 00:32:52 (7329 turns).

Altran the Magician (Deep Elf Air Elementalist)     Turns: 7329, Time: 00:32:54

Health: -3/36      AC:  2    Str:  5    XL:     7   Next: 31%
Magic:  17/19      EV: 13    Int: 26    God:    Elyvilon [***...]
Gold:   215        SH:  0    Dex: 15    Spells: 14/19 levels left

rFire    . . .     SeeInvis +   b - +0 dagger
rCold    . . .     Faith    .   (no shield)
rNeg     . . .     Spirit   .   a - +0 robe
rPois    .         Reflect  .   (no helmet)
rElec    .         Harm     .   (no cloak)
rCorr    +         Rampage  .   (no gloves)
Will     .....                  (no boots)
Stlth    +++.......             (no amulet)
HPRegen  0.12/turn              n - ring of wizardry
MPRegen  0.16/turn              t - ring of Agnosticism {rCorr Int+4 SInv Stlth+}

@: lethally poisoned (-3 -> -26), slowed, very slow
A: no striking features
a: Renounce Religion, Lesser Healing, Heal Other, Purification, Divine
Protection


You were on level 5 of the Dungeon.
You worshipped Elyvilon.
Elyvilon was most pleased with you.
You visited 2 branches of the dungeon, and saw 6 of its levels.

You collected 215 gold pieces.

Inventory:

Hand Weapons
 b - a +0 dagger (weapon)
Missiles
 v - a throwing net
Armour
 a - a +0 robe (worn)
Jewellery
 n - a ring of wizardry (left hand)
 q - an amulet of faith
 t - the ring of Agnosticism (right hand) {rCorr Int+4 SInv Stlth+}
   (You found it on level 4 of the Dungeon)

   [ring of see invisible]

   Int:       It affects your intelligence (+4).
   SInv:      It lets you see invisible.
   rCorr:     It protects you from acid and corrosion.
   Stlth:     It makes you more stealthy.
Scrolls
 c - 5 scrolls of identify {unknown}
 e - a scroll of silence {unknown}
 f - 2 scrolls of vulnerability {unknown}
 h - 2 scrolls of fear {unknown}
 j - 2 scrolls of acquirement {unknown}
 k - a scroll of teleportation {unknown}
 m - 2 scrolls of enchant weapon {unknown}
 o - 2 scrolls of fog {unknown}
 s - a scroll of noise {unknown}
 u - a scroll of brand weapon {unknown}
 x - a scroll of magic mapping {unknown}
Potions
 d - a potion of curing {unknown}
 g - a potion of might {unknown}
 i - 2 potions of heal wounds {unknown}
 l - 2 potions of brilliance {unknown}
 p - 3 potions of mutation {unknown}
 r - 3 potions of degeneration {unknown}
 w - a potion of haste {unknown}


   Skills:
 + Level 3.4 Dodging
 + Level 3.5 Stealth
 + Level 6.7 Spellcasting
 + Level 4.1 Conjurations
 + Level 4.9 Air Magic
 + Level 1.8 Invocations


You had 14 spell levels left.
You knew the following spells:

 Your Spells              Type           Power      Damage    Failure   Level
a - Shock                 Conj/Air       100%       1d9       1%          1
b - Airstrike             Air            17%        N/A       3%          4

Your spell library contained the following spells:

 Spells                   Type           Power      Damage    Failure   Level
 Static Discharge         Conj/Air       32%        N/A       1%          2
 Swiftness                Air            34%        N/A       1%          3


Dungeon Overview and Level Annotations

Branches:
Dungeon (5/15)             Temple (1/1) D:5

Altars:
Ashenzari
Cheibriados
Dithmenos
Elyvilon
Fedhas
Gozag
Hepliaklqana
Kikubaaqudgha
Makhleb
Nemelex Xobeh
Okawaru
Qazlal
Ru
Sif Muna
Uskayaw
Vehumet
Wu Jian
Xom
Yredelemnul
Zin
The Shining One

Shops:
D:5 (

Annotations:
D:2 Sigmund


Message History

Found 14 gold pieces.
You see here a +0 scale mail of poison resistance.
Found an escape hatch in the ceiling.
You now have 215 gold pieces (gained 14).
A kobold brigand comes into view.
It is wielding a +0 dagger and quivering curare-tipped darts.
Casting: Airstrike (quite dangerous; 3% risk of failure)
Confirm with . or Enter, or press ? or * to list all spells.
The spell is quite dangerous to cast (3% risk of failure)!
Continue anyway?
Aiming: Airstrike (quite dangerous; 3% risk of failure)
Press: ? - help, Dir - move target, f - kobold brigand
Aim: a kobold brigand, wielding a +0 dagger and quivering curare-tipped darts (asleep)
The air twists around and strikes the kobold brigand!
The kobold brigand shouts!
The kobold brigand is heavily wounded.
You hear a shout! x2
The kobold brigand throws a curare-tipped dart.
The curare-tipped dart hits you.
You are poisoned.
You have difficulty breathing.
You feel yourself slow down.
A kobold demonologist comes into view. It is wielding a +0 dagger.
You feel very sick.
You feel very sick.
You feel sick.
You feel sick.
You feel sick.
You feel sick.
You are no longer poisoned.
The kobold brigand throws a curare-tipped dart.
The curare-tipped dart hits you.
You are lethally poisoned!
You have difficulty breathing.
* * * LOW HITPOINT WARNING * * *
You feel as though you will be slow longer.
* * * LOW HITPOINT WARNING * * *
You feel very sick.
The kobold brigand throws a curare-tipped dart.
The curare-tipped dart hits you.
You are more poisoned.
You have difficulty breathing.
You die...

############
#..........#
#..........#
#..........#####
#..........@...########
#..........###...K....#
####...#### ########..#
##....[## ...#
#.......# .....
#.......# ......#
#.......# ....<.#
##.....## .......
##.....## .....#K


You could see a kobold brigand.

Vanquished Creatures
  An ice beast (D:5)
  An ogre (D:4)
  2 vampire bats (D:4)
  A bullfrog zombie (D:5)
  A centaur zombie (D:5)
  An orc priest (D:4)
  An iguana (D:4)
  Terence (D:2)
  An orc wizard (D:3)
  Robin (D:2)
  7 adders
  3 gnolls (D:4)
  A shadow imp (D:5)
  An ufetubus (D:5)
  2 worms
  A dart slug (D:2)
  6 orcs
  5 endoplasms
  4 giant cockroaches
  15 goblins
  8 hobgoblins
  20 jackals
  2 kobolds
  5 quokkas
  4 ball pythons
  16 bats
  2 frilled lizards
  6 rats
119 creatures vanquished.

Notes
Turn   | Place    | Note
-------+----------+-------------------------------------------
     0 | D:1      | Altran the Deep Elf Air Elementalist began the quest for
                  | the Orb.
     0 | D:1      | Reached XP level 1. HP: 10/10 MP: 6/6
   433 | D:1      | Noticed an eye of devastation
   436 | D:1      | Found a faded altar of an unknown god.
   438 | D:1      | Noticed a floating eye
   480 | D:1      | Noticed a floating eye
   480 | D:1      | Noticed a shining eye
   485 | D:1      | Became a worshipper of Elyvilon the Healer
   485 | D:1      | Reached * piety under Elyvilon
   710 | D:2      | Reached XP level 2. HP: 15/15 MP: 6/8
  1056 | D:2      | Reached XP level 3. HP: 19/19 MP: 5/10
  1216 | D:2      | Noticed Robin
  1574 | D:2      | Reached skill level 4 in Spellcasting
  1668 | D:2      | Killed Robin
  1669 | D:2      | Reached XP level 4. HP: 13/24 MP: 1/12
  1892 | D:2      | You fall into a shaft and drop 2 floors!
  1892 | D:4      | Noticed an ogre
  1915 | D:3      | Reached ** piety under Elyvilon
  2442 | D:2      | Noticed Sigmund
  2567 | D:2      | You fall into a shaft and drop 1 floor!
  2647 | D:3      | Learned a level 4 spell: Airstrike
  2804 | D:1      | Reached XP level 5. HP: 19/28 MP: 8/13
  3111 | D:2      | Noticed Terence
  3120 | D:2      | Killed Terence
  3564 | D:3      | Reached *** piety under Elyvilon
  4550 | D:3      | Reached skill level 5 in Spellcasting
  5529 | D:4      | Reached XP level 6. HP: 32/32 MP: 12/15
  5683 | D:4      | Identified the ring of Agnosticism {rCorr Int+4 SInv
                  | Stlth+}
  5700 | D:4      | Reached skill level 1 in Invocations
  6228 | D:4      | Reached skill level 6 in Spellcasting
  6444 | D:5      | Entered Level 5 of the Dungeon
  6498 | D:5      | Found Ovushoq's Antique Weapon Shop.
  6530 | D:5      | Noticed an ice beast
  6891 | D:5      | Noticed an ice beast
  6893 | D:5      | Killed an ice beast
  6894 | D:5      | Reached XP level 7. HP: 36/36 MP: 9/18
  6953 | D:5      | Found a staircase to the Ecumenical Temple.
  6962 | Temple   | Entered the Ecumenical Temple
  7320 | D:5      | Noticed a kobold demonologist
  7329 | D:5      | HP: 1/36 [poisoned by a kobold brigand (curare-tipped
                  | dart)]
  7329 | D:5      | Asphyxiated

Illustrated notes

Levels and vault maps discovered:
D:1:      eino_arrival_cavern_b, layout_rooms,
          hellmonk_ecumenical_altar_watching_god
D:2:      minmay_thinvault, layout_basic, chequers_decorated_corner,
          uniq_sigmund, uniq_terence, uniq_robin
D:3:      layout_basic
D:4:      layout_basic, roderic_batcave
D:5:      layout_rooms, minmay_temple_entry_trees, serial_shops, shop
Temple:   kilobyte_greek_temple

Skill      XL: |  1  2  3  4  5  6 |
---------------+-------------------+-----
Conjurations   | 2 3 4 |  4.1
Spellcasting   | 4 5 6 |  6.7
Stealth        | 3 |  3.5
Air Magic      | 4 |  4.9
Dodging        | 3 |  3.4
Invocations    | 1 |  1.8

Action                   |  1- 3 |  4- 6 |  7- 9 || total
-------------------------+-------+-------+-------++-------
Melee: Unarmed           |     4 |       |       ||     4
 Cast: Shock             |    84 |   170 |    10 ||   264
       Airstrike         |       |     8 |     3 ||    11
Invok: Lesser Healing    |       |    17 |       ||    17
       Divine Protection |       |     1 |       ||     1
Armor: Robe              |     4 |    11 |     1 ||    16
Dodge: Dodged            |     9 |    71 |       ||    80
